Map: [ESL] Tropical Sacrifice

Players

ShoWTimE

  • Race: Protoss Protoss
  • Spawn Location: 7:00

Dark - Winner!

  • Race: Zerg Zerg
  • Spawn Location: 1:00

VOD

Have the link to the VOD?

Description

Time

  • Played on: Nov. 4, 2022, 6:21 a.m.
  • Length: 7:08
Show
View Real Time Build Order
Export as new Build Order

ShoWTimE Protoss 

Build Orders: 1 Gate Expand, Oracle Opening 

Get SALT Encoding   

  12  0:00  Probe  
  13  0:12  Probe  
  14  0:18  Pylon  
  14  0:24  Probe  
  15  0:36  Probe (Chrono Boost)  
  15  0:41  Gateway  
  16  0:46  Probe (Chrono Boost)  
  16  0:49  Assimilator  
  17  0:52  Probe  
  18  1:05  Probe  
  19  1:17  Probe  
  20  1:27  Nexus  
  20  1:37  Cybernetics Core  
  20  1:40  Probe  
  20  1:45  Assimilator  
  21  1:52  Probe  
  22  1:55  Pylon  
  22  2:04  Probe  
  23  2:11  Adept (Chrono Boost)  
  25  2:16  Probe  
  26  2:23  Stargate  
  26  2:28  Probe (Chrono Boost)  
  27  2:31  Adept (Chrono Boost)  
  27  2:37  Warp Gate  
  29  2:39  Probe (Chrono Boost)  
  31  2:46  Probe (Chrono Boost)  
  31  2:48  Probe (Chrono Boost)  
  32  2:53  Adept, Probe x2 (Chrono Boost)  
  36  3:04  Probe  
  36  3:05  Probe  
  38  3:07  Pylon  
  38  3:08  Oracle (Chrono Boost)  
  41  3:16  Probe  
  41  3:17  Probe  
  43  3:22  Gateway  
  43  3:29  Adept, Probe  
  43  3:31  Probe  
  47  3:37  Oracle (Chrono Boost)  
  47  3:41  Probe  
  51  3:43  Probe  
  52  3:53  Probe  
  52  3:55  Probe  
  53  4:02  Pylon  
  53  4:05  Probe  
  53  4:07  Nexus, Probe  
  49  4:13  Assimilator  
  49  4:14  Oracle (Chrono Boost)  
  48  4:17  Assimilator  
  48  4:20  Probe x2  
  53  4:27  Adept x2  
  53  4:31  Pylon  
  57  4:33  Probe x2  
  59  4:42  Pylon  
  59  4:45  Probe x2  
  60  4:46  Oracle (Chrono Boost)  
  64  4:54  Adept  
  64  4:55  Adept  
  64  4:57  Probe x2  
  70  5:04  Forge  
  70  5:09  Probe  
  70  5:10  Probe  
  72  5:15  Adept, Robotics Facility  
  72  5:16  Adept  
  76  5:21  Probe  
  77  5:29  Shield Battery  
  77  5:31  Shield Battery  
  77  5:32  Shield Battery  
  77  5:38  Adept x2  
  81  5:43  Photon Cannon  
  75  5:59  Stalker x2  
  75  6:00  Photon Cannon  
  77  6:09  Shield Battery  
  69  6:19  Photon Cannon  
  67  6:26  Pylon  
  67  6:33  Pylon  
  67  6:38  Pylon  
  56  6:56  Probe  
Show
View Real Time Build Order
Export as new Build Order

Dark Zerg - Winner!

Build Orders: Hatch First 

Get SALT Encoding   

  12  0:00  Drone  
  13  0:13  Overlord  
  13  0:18  Drone  
  14  0:31  Drone x2  
  16  0:49  Drone x2  
  18  0:58  Hatchery  
  18  1:03  Drone, Extractor  
  17  1:17  Spawning Pool  
  16  1:19  Drone  
  16  1:23  Drone  
  18  1:30  Drone  
  19  1:42  Drone  
  20  1:52  Drone  
  21  2:05  Metabolic Boost  
  21  2:09  Queen x2  
  21  2:10  Zergling x2  
  21  2:12  Drone  
  27  2:15  Overlord  
  27  2:21  Drone  
  28  2:35  Zergling x2  
  28  2:36  Zergling x2  
  28  2:37  Drone  
  31  2:42  Hatchery  
  30  2:45  Drone  
  31  2:51  Queen  
  32  2:59  Overlord  
  32  3:02  Zergling x4  
  32  3:04  Zergling x2  
  35  3:19  Drone x3  
  40  3:20  Drone  
  40  3:22  Drone  
  42  3:28  Spore Crawler  
  42  3:30  Drone x2  
  42  3:31  Queen  
  43  3:38  Lair  
  43  3:44  Spore Crawler  
  43  3:46  Overlord  
  42  3:48  Drone  
  42  3:54  Drone x2  
  45  3:58  Drone x2  
  45  4:02  Queen  
  46  4:05  Drone  
  46  4:19  Queen  
  46  4:22  Drone x2  
  50  4:25  Drone, Extractor  
  50  4:32  Zergling x10  
  50  4:35  Drone  
  50  4:38  Queen  
  56  4:42  Nydus Network  
  55  4:47  Drone x3  
  55  4:52  Zergling x4  
  58  5:02  Overlord  
  58  5:07  Overlord  
  58  5:12  Overlord  
  58  5:17  Overlord  
  58  5:19  Nydus Canal  
  58  5:20  Zergling x16  
  65  5:27  Zergling x8  
  69  5:32  Baneling Nest  
  69  5:33  Zergling x4  
  70  5:38  Nydus Canal  
  70  5:40  Zergling x6  
  71  5:50  Zergling x8  
  71  5:51  Zergling x2  
  75  5:58  Zergling x4  
  75  6:01  Zergling x8  
  79  6:06  Zergling x2  
  79  6:08  Queen  
  77  6:22  Baneling x12  
  77  6:23  Zergling x6  
  78  6:28  Zergling x2  
  78  6:31  Zergling x8  
  84  6:32  Zergling x2  
  84  6:37  Nydus Canal  
  84  6:38  Zergling x4  
  81  6:49  Zergling x6  
Tags
 
Add a new tag
Caveats
  • Supply blocks, unpowered buildings, or Contaminate may cause inaccurate times.
  • Supply counts are checked every 10 seconds.